 Dungeon Crawl Stone Soup version 0.32-a0-35-gd9ff480968 (webtiles) character file.

Game seed: 9548947543698230688

26894 IdlyInterested the Carver (level 13, -1/98 HPs)
             Began as a Demonspawn Fighter on Jan 22, 2024.
             Was a Priest of Makhleb.
             Slain by a harpy (shapeshifter) (9 damage)
             ... on level 14 of the Dungeon.
             The game lasted 00:52:18 (14199 turns).

IdlyInterested the Carver (Demonspawn Fighter)     Turns: 14199, Time: 00:52:18

Health: -1/98      AC: 26    Str: 19    XL:     13   Next: 1%
Magic:  10/19      EV: 13    Int:  9    God:    Makhleb [***...]
Gold:   833        SH: 11    Dex: 15    Spells: 12/12 levels left

rFire   + + .        F - +0 scimitar
rCold   . . .        O - +1 buckler of Sin {Harm Rampage rC- Will++}
rNeg    + + .        p - +10 ring mail of Toothy Mirth {Fly rN++}
rPois   .            o - +0 helmet
rElec   +            a - scarf {rC+ rF+}
rCorr   .            X - +1 pair of gloves {infuse}
SInv    +            (no boots)
Will    ++...        D - amulet of regeneration
Stlth   +            S - ring of see invisible
HPRegen 1.16/turn    A - ring of protection from fire
MPRegen 0.16/turn

%: harm (+30% outgoing, +20% incoming), rampage, infuse magic (1 MP)
@: flying
A: hooves 2, icemail 1, spiny 2, sharp scales 3, condensation shield,
electricity resistance
a: Renounce Religion, Minor Destruction, Lesser Servant of Makhleb


You were on level 14 of the Dungeon.
You worshipped Makhleb.
Makhleb was most pleased with you.
You visited 2 branches of the dungeon, and saw 15 of its levels.
You also visited: Sewer.

You collected 833 gold pieces.

Inventory:

Hand Weapons
 F - a +0 scimitar (weapon)
 T - a +2 dagger of speed
Missiles
 g - 17 boomerangs
 i - 87 stones (quivered)
 m - 23 poisoned darts
 r - 4 silver javelins
 x - 5 curare-tipped darts
Armour
 a - a scarf of resistance (worn)
 c - a +0 buckler
 d - a +2 cloak
 o - a +0 helmet (worn)
 p - the +10 ring mail of Toothy Mirth (worn) {Fly rN++}
   (You took it off an orc on level 7 of the Dungeon)

   rN++:      It greatly protects you from negative energy.
   Fly:       It grants you flight.
 y - a +0 leather armour of fire resistance
 G - a +0 robe of cold resistance
 O - the +1 buckler of Sin (worn) {Harm Rampage rC- Will++}
   (You found it on level 7 of the Dungeon)

   rC-:       It makes you vulnerable to cold.
   Will++:    It greatly increases your willpower.
   Harm:      It increases damage dealt and taken.
   Rampage:   It bestows one free step when moving towards enemies.
 X - a +1 pair of gloves of infusion (worn)
Jewellery
 A - a ring of protection from fire (right hand)
 D - an amulet of regeneration (around neck)
 S - a ring of see invisible (left hand)
Wands
 J - a wand of iceblast (6)
 N - a wand of polymorph (5)
 Q - a wand of flame (17)
 R - a wand of charming (7)
 Z - a wand of acid (5)
Scrolls
 f - 3 scrolls of poison
 h - 2 scrolls of amnesia
 j - 3 scrolls of butterflies
 k - 11 scrolls of teleportation
 n - 2 scrolls of vulnerability
 t - a scroll of blinking
 u - 2 scrolls of enchant armour
 B - a scroll of brand weapon
 H - a scroll of fear
 I - a scroll of silence
 K - a scroll of revelation
 L - a scroll of fog
 U - a scroll of immolation
Potions
 b - a potion of haste {unknown}
 e - a potion of invisibility {unknown}
 l - a potion of resistance {unknown}
 q - 2 potions of enlightenment
 s - 2 potions of ambrosia
 w - 3 potions of cancellation
 z - 2 potions of attraction
 C - 5 potions of curing
 E - 3 potions of mutation
 W - a potion of heal wounds


   Skills:
 - Level 8.0 Fighting
 + Level 13.9 Long Blades
 - Level 2.0 Throwing
 - Level 6.0 Armour
 - Level 6.0 Dodging
 - Level 2.0 Stealth
 * Level 8.7 Shields
 - Level 8.0 Invocations
 - Level 2.0 Evocations
 - Level 2.0 Shapeshifting


You had 12 spell levels left.
You didn't know any spells.
Your spell library contained the following spells:

 Spells                   Type           Power      Damage    Failure   Level
 Foxfire                  Conj/Fire      0%         2x1d4     61%         1
 Freeze                   Ice            0%         1d3       61%         1
 Kiss of Death            Conj/Necr      0%         2d5       61%         1
 Magic Dart               Conj           0%         1d3       61%         1
 Blink                    Tloc           0%         N/A       75%         2
 Call Imp                 Summ           0%         N/A       75%         2
 Ensorcelled Hibernation  Hex/Ice        0%         N/A       75%         2
 Lesser Beckoning         Tloc           0%         N/A       75%         2
 Momentum Strike          Conj/Tloc      0%         3d8       75%         2
 Confusing Touch          Hex            0%         N/A       93%         3
 Gell's Gravitas          Tloc           0%         N/A       93%         3
 Hailstorm                Conj/Ice       0%         3d5       93%         3
 Summon Ice Beast         Ice/Summ       0%         N/A       93%         3
 Teleport Other           Tloc           0%         N/A       93%         3
 Tukima's Dance           Hex            0%         N/A       93%         3
 Dimensional Bullseye     Hex/Tloc       0%         N/A       100%        4
 Dispel Undead            Necr           0%         3d6       100%        4
 Iskenderun's Mystic Bla  Conj/Tloc      0%         2d3       100%        4
 Passage of Golubria      Tloc           0%         N/A       100%        4
 Yara's Violent Unravell  Hex/Alch       0%         3d3       100%        5
 Dispersal                Tloc           0%         N/A       100%        6
 Plasma Beam              Fire/Air       0%         2x1d10    100%        6
 Sculpt Simulacrum        Ice/Alch       0%         N/A       100%        6
 Starburst                Conj/Fire      0%         6d3       100%        6
 Discord                  Hex            0%         N/A       100%        8


Dungeon Overview and Level Annotations

Branches:
Dungeon (14/15)            Temple (1/1) D:5            Lair (0/5) D:11
    Orc (0/2) D:11         Vaults (0/5) D:14          Sewer (visited)

Altars:
Ashenzari
Cheibriados
Dithmenos
Fedhas
Gozag
Hepliaklqana
Kikubaaqudgha
Makhleb
Nemelex Xobeh
Okawaru
Qazlal
Ru
Sif Muna
Trog
Uskayaw
Vehumet
Wu Jian
Xom
Yredelemnul
Lugonu

Portals:
Abyss: D:6


Innate Abilities, Weirdness & Mutations

You have hoof-like feet.
A meltable icy envelope protects you from harm. (AC +4)
You are mostly covered in sharp spines.
You are completely covered in razor-sharp scales. (AC +3, Slay +3)
A meltable shield of frost defends you. (SH +4)
You are resistant to electric shocks. (rElec)


Message History

The white ugly thing barely misses you.
You slash the entropy weaver!
The entropy weaver is lightly wounded.
Your ynoxinul hits the cyclops. Your ufetubus hits the cyclops. x2
The entropy weaver is struck by your spines.
The entropy weaver hits you! The entropy weaver barely misses you.
The entropy weaver closely misses you. You block the entropy weaver's attack.
The white ugly thing trunk-slaps your orange demon!
The white ugly thing freezes your orange demon!
You closely miss the entropy weaver. Your kick misses the entropy weaver.
The entropy weaver is moderately wounded.
The entropy weaver changes into a harpy!
Your orange demon barely misses the white ugly thing.
Your orange demon misses the white ugly thing.
The rakshasa barely misses your ynoxinul.
You block the white ugly thing's attack.
The cyclops hits your ufetubus!!
Your ufetubus dies!
Your ufetubus disappears in a puff of smoke!
You hit the harpy. You kick the harpy!
The harpy is heavily wounded.
You block the harpy's attack. x2
Your ynoxinul gestures at the cyclops.
The iron shot hits the cyclops!!
The cyclops dies!
Makhleb accepts your kill.
The white ugly thing completely misses your orange demon.
Your orange demon barely misses the white ugly thing.
Your orange demon hits the white ugly thing.
The white ugly thing dies!
The white ugly thing's corpse shimmers and vanishes!
The white ugly thing claws you! The white ugly thing freezes you!!
* * * LOW HITPOINT WARNING * * *
Your ufetubus hits the rakshasa but does no damage.
Your ufetubus misses the rakshasa.
You have reached level 13!
Your demonic ancestry asserts itself...
Sharp scales cover your body completely.
You swap places.
The harpy claws you!
You die...

##.(....... #.....##
..R.∩........... #.##.>..
..#####...................
..#)#.......##..#.#####..
............# ......##..
....?..uu.### ##.##.....
#.....u)### #......##.
.....3R4H# #......###
#....5§#@#######.........
#........................
#......#.........#.....##
#......#......#.........#
#......#......#.........#
#......#......#..........
########..>..##.........#
#####.....##.........#
..........##.........#


You could see 2 ugly things, a rakshasa, a harpy shaped shifter (ally target), a
friendly orange demon (summoned) and a friendly ynoxinul (summoned).

Vanquished Creatures
  Josephine (D:12)
  A boulder beetle (D:12)
  A dancing weapon (D:14)
  8 two-headed ogres
  3 centaur warriors
  5 skeletal warriors (D:12)
  A deep elf pyromancer (D:12)
  A cyclops (D:12)
  An ugly thing (D:14)
  2 manticores
  An unseen horror (D:13)
  2 kobold demonologists
  A gargoyle (D:12)
  4 trolls
  Sigmund (D:3)
  A spriggan (shapeshifter) (D:14)
  6 shadows
  5 wraiths
  8 yaks
  2 basilisks (D:13)
  3 steam dragons (D:8)
  Menkaure (D:6)
  3 vampire mosquitoes (D:11)
  An acid dragon (D:10)
  Edmund (D:5)
  Duvessa (D:4)
  2 water moccasins
  A sky beast (D:6)
  2 black bears (D:6)
  7 orc warriors
  A crocodile (Sewer)
  An ice beast (D:7)
  A laughing skull (D:13)
  2 wolves (D:11)
  7 centaurs
  4 kobold brigands
  Blork the orc (D:6)
  4 bullfrogs
  2 scorpions (D:5)
  2 gnoll sergeants
  21 wights
  Dowan (D:4)
  4 killer bees (D:11)
  A howler monkey (D:7)
  A bombardier beetle (D:5)
  A crimson imp (D:7)
  5 hounds
  3 jellies
  11 orc priests
  Crazy Yiuf (D:4)
  Jessica (D:3)
  A sleepcap (D:3)
  Terence (D:3)
  2 iguanas (D:5)
  6 orc wizards
  9 gnolls
  A river rat (D:4)
  10 adders
  2 white imps
  4 ufetubi (D:6)
  3 ribbon worms
  5 dart slugs
  29 orcs
  10 ball pythons
  5 bats
  10 endoplasms
  5 giant cockroaches
  5 goblins
  11 hobgoblins
  9 jackals
  21 kobolds
  7 quokkas
  2 frilled lizards (D:1)
  13 rats
323 creatures vanquished.

Vanquished Creatures (collateral kills)
  2 boulder beetles (D:13)
  A dancing weapon (D:14)
  A cyclops (D:14)
  A laughing skull (D:13)
5 creatures vanquished.

Vanquished Creatures (others)
  A yak (D:8)
  An orc wizard (D:8)
  2 orcs (D:8)
4 creatures vanquished.

Grand Total: 332 creatures vanquished

Notes
Turn   | Place    | Note
-------+----------+-------------------------------------------
     0 | D:1      | IdlyInterested the Demonspawn Fighter began the quest for
                  | the Orb.
     0 | D:1      | Reached XP level 1. HP: 18/18 MP: 1/1
    35 | D:1      | Reached skill level 2 in Long Blades
   174 | D:1      | Gained mutation: A meltable shield of frost defends you.
                  | (SH +4) [demonic ancestry]
   174 | D:1      | Reached XP level 2. HP: 24/24 MP: 2/2
   606 | D:1      | Reached XP level 3. HP: 29/29 MP: 3/3
  1111 | D:2      | Reached skill level 3 in Long Blades
  1395 | D:2      | Gained mutation: You have large cloven feet. [demonic
                  | ancestry]
  1395 | D:2      | Reached XP level 4. HP: 37/37 MP: 4/4
  1792 | D:3      | Noticed Terence
  1808 | D:3      | HP: 1/36 [hobgoblin (1)]
  1822 | D:3      | Killed Terence
  1825 | D:3      | Noticed Sigmund
  1835 | D:3      | Killed Sigmund
  1836 | D:3      | Reached skill level 5 in Long Blades
  1836 | D:3      | Reached skill level 1 in Throwing
  1836 | D:3      | Reached XP level 5. HP: 33/42 MP: 5/5
  1836 | D:3      | Gained mutation: You are partially covered in razor-sharp
                  | scales. (AC +1, Slay +1) [demonic ancestry]
  1836 | D:3      | Reached XP level 6. HP: 38/48 MP: 6/6
  2218 | D:3      | Noticed Jessica
  2224 | D:3      | Killed Jessica
  2713 | D:4      | Found a glowing drain.
  2724 | Sewer    | Entered a sewer
  2943 | Sewer    | Reached skill level 1 in Dodging
  3179 | Sewer    | Reached skill level 6 in Long Blades
  3179 | Sewer    | Reached XP level 7. HP: 44/54 MP: 7/7
  3329 | D:4      | Noticed Dowan
  3332 | D:4      | Noticed Duvessa
  3359 | D:4      | Killed Dowan
  3360 | D:4      | Killed Duvessa
  3507 | D:4      | Found a runed translucent door.
  3508 | D:4      | Noticed Crazy Yiuf
  3513 | D:4      | Killed Crazy Yiuf
  3905 | D:5      | Entered Level 5 of the Dungeon
  3937 | D:5      | Reached skill level 7 in Long Blades
  4120 | D:5      | Gained mutation: A meltable icy envelope protects you from
                  | harm. (AC +4) [demonic ancestry]
  4120 | D:5      | Reached XP level 8. HP: 60/60 MP: 8/8
  4669 | D:5      | Noticed Edmund
  4687 | D:5      | Killed Edmund
  4688 | D:5      | Reached skill level 1 in Stealth
  4969 | D:5      | Found a staircase to the Ecumenical Temple.
  4975 | Temple   | Entered the Ecumenical Temple
  5002 | D:5      | Found a blossoming altar of Fedhas.
  5581 | D:6      | Got the Parchment of the Unlucky Winter
  5691 | D:6      | Reached skill level 1 in Shapeshifting
  5692 | D:6      | Reached skill level 1 in Evocations
  5772 | D:6      | Reached skill level 8 in Long Blades
  5850 | D:6      | Found a basalt altar of Yredelemnul.
  5961 | D:6      | Reached skill level 5 in Shields
  6038 | D:6      | Noticed Menkaure
  6047 | D:6      | Killed Menkaure
  6048 | D:6      | Gained mutation: You are partially covered in sharp spines.
                  | [demonic ancestry]
  6048 | D:6      | Reached XP level 9. HP: 59/65 MP: 9/9
  6114 | D:6      | Found a large runed translucent door.
  6114 | D:6      | Found a large runed translucent door.
  6150 | D:6      | Noticed Blork the orc
  6160 | D:6      | Killed Blork the orc
  6283 | D:6      | Found a one-way gate to the infinite horrors of the Abyss.
  6283 | D:6      | Identified the +8 rapier of Extermination {distort, rElec
                  | Dex+5}
  6373 | D:6      | Found an ornate altar of the Wu Jian Council.
  6422 | D:6      | Found a corrupted altar of Lugonu.
  6754 | D:6      | Reached skill level 9 in Long Blades
  6976 | D:7      | Identified the +10 ring mail of Toothy Mirth {Fly rN++}
  7308 | D:7      | Identified the +1 buckler of Sin {Harm Rampage rC- Will++}
  7942 | D:7      | Found a burning altar of Makhleb.
  7943 | D:7      | Found a radiant altar of Vehumet.
  7950 | D:7      | Became a worshipper of Makhleb the Destroyer
  8414 | D:8      | Noticed a two-headed ogre
  8422 | D:8      | Killed a two-headed ogre
  8423 | D:8      | Reached skill level 10 in Long Blades
  8423 | D:8      | Gained mutation: You are mostly covered in razor-sharp
                  | scales. (AC +2, Slay +2) [demonic ancestry]
  8423 | D:8      | Reached XP level 10. HP: 71/71 MP: 10/10
  8455 | D:8      | Noticed a two-headed ogre
  8464 | D:8      | Killed a two-headed ogre
  8575 | D:8      | Reached skill level 1 in Invocations
  8702 | D:8      | Found a shimmering altar of Xom.
  8734 | D:8      | Reached * piety under Makhleb
  9302 | D:9      | Noticed a two-headed ogre
  9316 | D:9      | Killed a two-headed ogre
  9317 | D:9      | Reached skill level 11 in Long Blades
  9317 | D:9      | Reached skill level 5 in Invocations
  9650 | D:9      | Gained mutation: You are resistant to electric shocks.
                  | (rElec) [potion of mutation]
  9650 | D:9      | Gained mutation: You have hoof-like feet. [potion of
                  | mutation]
 10291 | D:10     | Entered Level 10 of the Dungeon
 10406 | D:10     | Noticed a smoke demon
 10517 | D:10     | Noticed a two-headed ogre
 10529 | D:10     | Killed a two-headed ogre
 10530 | D:10     | Reached XP level 11. HP: 63/78 MP: 17/17
 10881 | D:10     | Reached skill level 5 in Fighting
 11226 | D:11     | Noticed a sixfirhy
 11351 | D:11     | Noticed a two-headed ogre
 11356 | D:11     | Reached ** piety under Makhleb
 11365 | D:11     | Noticed a two-headed ogre
 11367 | D:11     | Killed a two-headed ogre
 11377 | D:11     | HP: 2/83 [two-headed ogre/+0 giant club (26)]
 11379 | D:11     | Killed a two-headed ogre
 11380 | D:11     | Reached skill level 12 in Long Blades
 11716 | D:11     | Found a staircase to the Lair.
 12112 | D:11     | Found a staircase to the Orcish Mines.
 12294 | D:12     | Noticed a skeletal warrior
 12296 | D:12     | Noticed a skeletal warrior
 12300 | D:12     | Noticed a skeletal warrior
 12301 | D:12     | Noticed a skeletal warrior
 12304 | D:12     | Killed a skeletal warrior
 12314 | D:12     | Killed a skeletal warrior
 12315 | D:12     | Reached skill level 5 in Armour
 12321 | D:12     | Killed a skeletal warrior
 12322 | D:12     | Gained mutation: You are mostly covered in sharp spines.
                  | [demonic ancestry]
 12322 | D:12     | Reached XP level 12. HP: 57/92 MP: 5/18
 12484 | D:12     | You are sucked into a shaft and drop 2 floors!
 12487 | D:14     | Noticed Nessos
 12487 | D:14     | Noticed a centaur warrior
 12495 | D:14     | Killed a centaur warrior
 12593 | D:13     | Noticed a two-headed ogre
 12604 | D:13     | Killed a two-headed ogre
 12661 | D:12     | Noticed a two-headed ogre
 12673 | D:12     | Killed a two-headed ogre
 12756 | D:12     | Reached *** piety under Makhleb
 12757 | D:12     | Reached skill level 13 in Long Blades
 12910 | D:12     | Noticed a boulder beetle
 12941 | D:12     | Killed a boulder beetle
 12942 | D:12     | Reached skill level 5 in Dodging
 13192 | D:12     | Noticed Josephine
 13200 | D:12     | Killed Josephine
 13420 | D:13     | Noticed a centaur warrior
 13424 | D:13     | Killed a centaur warrior
 13511 | D:13     | Noticed a boulder beetle
 13514 | D:13     | Noticed a boulder beetle
 13529 | D:13     | Killed a boulder beetle
 13538 | D:13     | Killed a boulder beetle
 13552 | D:13     | Identified the +0 scale mail "Bogojeda" {Harm Fly}
 13860 | D:13     | Noticed a centaur warrior
 13869 | D:13     | Killed a centaur warrior
 14172 | D:14     | Found a gate to the Vaults.
 14172 | D:14     | Noticed a rakshasa
 14187 | D:14     | Noticed an entropy weaver
 14197 | D:14     | an entropy weaver changed into a harpy
 14199 | D:14     | Gained mutation: You are completely covered in razor-sharp
                  | scales. (AC +3, Slay +3) [demonic ancestry]
 14199 | D:14     | Reached XP level 13. HP: 6/98 MP: 10/19
 14199 | D:14     | Slain by a harpy (shapeshifter)

Illustrated notes

Levels and vault maps discovered:
D:1:      doesnt_arrival_eight_statues, layout_basic, serial_co_window_serial,
          co_window_corner_a, co_window_corner_a, co_window_of_opportunity_a,
          co_window_of_opportunity_a, co_window_corner_a, co_window_broadway_c,
          co_window_broadway_a, co_window_cross_4, co_window_broadway_b,
          co_window_unsneaky_path_e, co_window_cross_2, glass_columns_c,
          glass_columns_b, glass_columns_c, glass_columns_a,
          chequers_serial_rivers_marsh, grunt_decor_cap
D:2:      layout_basic, minmay_indecisive_spiral
D:3:      layout_basic, minmay_misc_feat_hallway, uniq_jessica, uniq_sigmund,
          uniq_terence
D:4:      layout_cave_pools, nicolae_elyvilon_temple_path, portal_sewer_entry_e,
          enter_ossuary_1, uniq_crazy_yiuf_cottage, uniq_duvessa
D:5:      layout_basic, mainiacjoe_overflow_alcove_2, minmay_temple_entry_fiery,
          kennysheep_path_1, uniq_edmund
D:6:      due_chaos_kobolds, layout_gridville,
          mainiacjoe_overflow_catch_the_wave, uniq_menkaure, uniq_blork_the_orc
D:7:      layout_layer_cave, grunt_temple_overflow_lords_of_destruction
D:8:      layout_loops_corners, xom_confusion_cloud
D:9:      layout_basic
D:10:     layout_loops_cross
D:11:     layout_rooms, erik_lair_orcish_takeover, david_orc_4
D:12:     layout_rooms, uniq_josephine
D:13:     layout_loops_ring
D:14:     layout_rooms, erik_vaults_1, nicolae_qazlal_scattered_showers,
          serial_shops, nicolae_shop_gaudy_bauble, bh_walls_and_bars,
          uniq_nessos
Temple:   bh_familiar_temple

Skill      XL: |  1  2  3  4  5  6  7  8  9 10 11 12 |
---------------+-------------------------------------+-----
Long Blades    | 2 3 5 6 7 8 10 11 12 13 | 13.9
Fighting       | 4 8 |  8.0
Throwing       | 1 2 |  2.0
Armour         | 3 5 6 |  6.0
Dodging        | 1 3 6 |  6.0
Shields        | 3 5 7 8 |  8.7
Stealth        | 1 2 |  2.0
Shapeshifting  | 1 2 |  2.0
Evocations     | 1 2 |  2.0
Invocations    | 8 |  8.0

Action                     |  1- 3 |  4- 6 |  7- 9 | 10-12 | 13-15 || total
---------------------------+-------+-------+-------+-------+-------++-------
  Melee: Long sword        |   124 |   165 |   184 |       |       ||   473
         Kick              |       |    29 |   119 |   175 |       ||   323
         Scimitar          |       |       |   177 |   452 |       ||   629
  Throw: Stone             |       |     1 |     9 |    18 |       ||    28
         Dart              |       |       |     4 |     5 |       ||     9
         Javelin           |       |       |     2 |     1 |       ||     3
 Invoke: Lesser Servant of |       |       |       |     4 |       ||     4
  Evoke: Wand              |       |       |       |     3 |       ||     3
    Use: Scroll            |     1 |     5 |     4 |     7 |       ||    17
         Potion            |       |     6 |     3 |     7 |       ||    16
   Stab: Distracted        |       |       |     1 |     2 |       ||     3
 Armour: Scale mail        |    78 |   102 |    87 |       |       ||   267
         Chain mail        |       |       |   129 |       |       ||   129
         Ring mail         |       |       |    29 |   280 |     1 ||   310
  Dodge: Dodged            |    56 |    65 |   128 |   176 |       ||   425
  Block: Buckler           |    71 |    66 |   147 |   254 |       ||   538

Table legend: (Time is in decaauts)
 A = Elapsed time spent in this place.
 B = Non-inter-level travel time spent in this place.
 C = Inter-level travel time spent in this place.
 D = Time resting spent in this place.
 E = Time spent auto-exploring this place.
 F = Levels seen in this place.
 G = Mean time per level.
                   A        B        C        D        E       F      G
               +--------+--------+--------+--------+--------+-----+--------+
         Total |  14312 |  13530 |    782 |   1470 |   8601 |  16 |  894.5 |
       Dungeon |  13731 |  12949 |    782 |   1470 |   8348 |  14 |  980.8 |
        Temple |      1 |      1 |      0 |      0 |      0 |   1 |    1.0 |
         Sewer |    579 |    579 |      0 |      0 |    252 |   1 |  579.0 |
               +--------+--------+--------+--------+--------+-----+--------+

Top non-repeatable levels by time:
     D:5: 1468 daAuts
     D:6: 1451 daAuts
     D:7: 1324 daAuts
     D:8: 1081 daAuts
     D:1: 1080 daAuts
    D:11: 1048 daAuts
     D:9: 1013 daAuts
     D:3: 971 daAuts
    D:10: 921 daAuts
    D:13: 891 daAuts
    D:12: 881 daAuts
     D:4: 783 daAuts
     D:2: 695 daAuts
   Sewer: 579 daAuts
    D:14: 119 daAuts
